 Dungeon Crawl Stone Soup version 0.26-b1-32-g5d43845318 (webtiles) character file.

Game seed: 129468775113105508

3823 MTVSty1e the Basher (level 10, -2/61 HPs)
             Began as a Gargoyle Fighter on Jan 9, 2021.
             Was an Elder of Okawaru.
             Slain by an orc warrior
             ... wielding a +0 trident
              (5 damage)
             ... in a bailey.
             The game lasted 00:11:15 (7880 turns).

MTVSty1e the Basher (Gargoyle Fighter)              Turns: 7880, Time: 00:11:16

Health: -2/61      AC: 18    Str: 22    XL:     10   Next: 17%
Magic:  19/19      EV:  7    Int: 10    God:    Okawaru [****..]
Gold:   429        SH: 11    Dex:  9    Spells: 9/9 levels left

rFire    . . .     SeeInvis .   y - +6 flail (protect)
rCold    . . .     Faith    .   c - +1 kite shield
rNeg     + . .     Spirit   .   b - +0 scale mail
rPois    ∞         Reflect  .   o - +0 helmet
rElec    +         Harm     .   (no cloak)
rCorr    .         Rampage  .   i - +0 pair of gloves
Will     .....                  d - +0 pair of boots
Stlth    ..........             (no amulet)
HPRegen  0.20/turn              p - ring of magical power
MPRegen  0.16/turn              (no ring)

@: no status effects
A: negative energy resistance 1, electricity resistance, unbreathing,
petrification resistance, miasma immunity, AC +7
a: Renounce Religion, Heroism


You were in a bailey.
You worshipped Okawaru.
Okawaru was greatly pleased with you.
You visited 2 branches of the dungeon, and saw 9 of its levels.
You also visited: Bailey.

You collected 429 gold pieces.

Inventory:

Hand Weapons
 a - a +0 flail
 k - a +1 whip of freezing
 t - a +1 whip
 y - a +6 flail of protection (weapon)
Armour
 b - a +0 scale mail (worn)
 c - a +1 kite shield (worn)
 d - a +0 pair of boots (worn)
 i - a +0 pair of gloves (worn)
 o - a +0 helmet (worn)
Jewellery
 p - a ring of magical power (left hand)
 r - an uncursed ring of wizardry
 u - an uncursed ring of willpower {unknown}
 x - an uncursed ring of wizardry
 B - an uncursed ring of fire {unknown}
Wands
 s - a wand of disintegration (8)
 w - a wand of iceblast (12)
Scrolls
 h - 4 scrolls of enchant armour
 l - 6 scrolls of teleportation
 m - a scroll of enchant weapon
 n - 5 scrolls of remove curse
Potions
 e - a potion of lignification {unknown}
 f - a potion of curing
 q - a potion of attraction
 v - 3 potions of haste
 z - a potion of magic {unknown}
 A - a potion of cancellation {unknown}


   Skills:
 * Level 6.6 Fighting
 * Level 12.1 Maces & Flails
 + Level 5.1 Armour
 + Level 5.2 Shields


You had 9 spell levels left.
You didn't know any spells.
Your spell library was empty.

Dungeon Overview and Level Annotations

Branches:
Dungeon (8/15)             Temple (1/1) D:4          Bailey (1/1)
   Lair: D:8-11

Altars:
Ashenzari
Cheibriados
Dithmenos
Elyvilon
Fedhas
Gozag
Hepliaklqana
Kikubaaqudgha
Makhleb
Nemelex Xobeh
Okawaru
Qazlal
Ru
Sif Muna
Trog
Uskayaw
Vehumet
Wu Jian
Xom
Yredelemnul
Zin
The Shining One

Shops:
D:6 ?


Innate Abilities, Weirdness & Mutations

You are resistant to torment.
Your stone body is resilient. (AC +7)
You are immune to poison.
You resist negative energy. (rN+)
You are resistant to electric shocks. (rElec)
You can survive without breathing.
You are immune to petrification.
You are immune to miasma.


Message History

The orc barely misses you. You block the orc's attack.
You block the orc warrior's attack.
The orc warrior hits you but does no damage.
The orc hits you but does no damage. The orc closely misses you.
There is an open door, spattered with blood here.
Things that are here:
a +0 halberd; a +0 scale mail; a +0 war axe The orc hits you but does no damage.
The orc warrior hits you with a +0 trident!
* * * LOW HITPOINT WARNING * * *
The orc hits you but does no damage.
Things that are here:
a +0 spear; an orc corpse You block the orc warrior's attack.
The orc warrior hits you from afar with a +0 trident!
* * * LOW HITPOINT WARNING * * *
There is an open door here.
You close the door.
An orc warrior opens the door.
The orc warrior hits you from afar with a +0 trident.
You die... #.......# #.oo..# ##)## #.o)# #.o.# #.o.# #ooo#

###'###
##..@..##
#.......#
#.......#
#.......#
#.......#
#.......#
#.......#
#.......#
#)))....#


You could see 2 orc warriors and 6 orcs.

Vanquished Creatures
  Pikel (D:4)
  Sigmund (D:3)
  A human (D:7)
  Eustachio (D:4)
  4 hogs (D:7)
  Edmund (D:6)
  A black bear (D:6)
  3 orc warriors
  An ice beast (D:6)
  A sky beast (D:5)
  A phantom (D:3)
  3 bullfrogs
  A gnoll sergeant (D:7)
  3 scorpions (D:7)
  A water moccasin skeleton (D:7)
  A howler monkey (D:5)
  A centaur zombie (D:5)
  A quasit (D:7)
  A bullfrog zombie (D:3)
  2 hounds
  A jelly (D:5)
  2 orc priests
  A centaur skeleton (D:4)
  3 iguanas
  5 orc wizards
  9 worker ants
  A hound skeleton (D:7)
  A worker ant zombie (D:6)
  Robin (D:4)
  10 adders
  12 gnolls
  A white imp (D:7)
  2 ufetubi
  2 oozes
  An adder skeleton (D:4)
  4 worms
  2 dart slugs
  4 leopard geckos
  25 orcs
  4 ball pythons
  9 giant cockroaches
  15 goblins
  11 hobgoblins
  2 jackals (D:7)
  10 kobolds
  3 quokkas
  5 bats
  4 frilled lizards
  11 rats
191 creatures vanquished.

Vanquished Creatures (others)
  2 orcs (D:8)
2 creatures vanquished.

Grand Total: 193 creatures vanquished

Notes
Turn   | Place    | Note
-------+----------+-------------------------------------------
     0 | D:1      | MTVSty1e the Gargoyle Fighter began the quest for the Orb.
     0 | D:1      | Reached XP level 1. HP: 14/14 MP: 1/1
    62 | D:1      | Reached XP level 2. HP: 15/19 MP: 2/2
   190 | D:1      | Reached skill level 3 in Maces & Flails
   411 | D:1      | Reached XP level 3. HP: 23/23 MP: 3/3
   776 | D:2      | Found a shadowy altar of Dithmenos.
   916 | D:2      | Reached skill level 4 in Maces & Flails
   993 | D:2      | Found a burning altar of Makhleb.
   998 | D:2      | Reached XP level 4. HP: 27/28 MP: 4/4
  1269 | D:2      | Found an opulent altar of Gozag.
  1269 | D:2      | Found a hide-covered altar of Uskayaw.
  1455 | D:3      | Reached skill level 5 in Maces & Flails
  1464 | D:3      | Reached XP level 5. HP: 32/32 MP: 5/5
  1499 | D:3      | Noticed a phantom
  1568 | D:3      | Killed a phantom
  1573 | D:3      | Reached skill level 6 in Maces & Flails
  1771 | D:3      | Reached XP level 6. HP: 17/37 MP: 6/6
  1978 | D:3      | Found a shimmering blue altar of Sif Muna.
  2145 | D:3      | Noticed Sigmund
  2454 | D:3      | Killed Sigmund
  2455 | D:3      | Reached skill level 7 in Maces & Flails
  2455 | D:3      | Reached XP level 7. HP: 35/41 MP: 7/7
  2515 | D:3      | Found a hazy altar of Hepliaklqana.
  3088 | D:4      | Reached skill level 8 in Maces & Flails
  3158 | D:4      | HP: 2/41 [orc wizard/puff of frost (13)]
  3386 | D:4      | Found a staircase to the Ecumenical Temple.
  3395 | Temple   | Entered the Ecumenical Temple
  3615 | Temple   | Became a worshipper of Warmaster Okawaru
  3813 | D:4      | Found a glowing golden altar of the Shining One.
  3820 | D:4      | Noticed Robin
  3872 | D:4      | Killed Robin
  4053 | D:4      | Noticed Pikel
  4091 | D:4      | Killed Pikel
  4091 | D:4      | Reached * piety under Okawaru
  4092 | D:4      | Reached skill level 10 in Maces & Flails
  4092 | D:4      | Reached XP level 8. HP: 22/46 MP: 8/8
  4468 | D:4      | Noticed Eustachio
  4495 | D:4      | Killed Eustachio
  4495 | D:4      | Reached ** piety under Okawaru
  4698 | D:5      | Entered Level 5 of the Dungeon
  4878 | D:5      | Reached skill level 11 in Maces & Flails
  5077 | D:5      | Reached XP level 9. HP: 51/51 MP: 9/9
  5309 | D:5      | Found a sparkling altar of Nemelex Xobeh.
  5480 | D:6      | Found Caulaz's Magic Scroll Boutique.
  5959 | D:6      | Noticed Edmund
  5997 | D:6      | Killed Edmund
  6300 | D:7      | Reached *** piety under Okawaru
  6443 | D:7      | Reached skill level 5 in Fighting
  6705 | D:7      | Reached **** piety under Okawaru
  6712 | D:7      | Reached skill level 12 in Maces & Flails
  6712 | D:7      | Reached XP level 10. HP: 14/60 MP: 10/10
  7175 | D:7      | Reached skill level 5 in Shields
  7253 | D:7      | Reached skill level 5 in Armour
  7596 | D:8      | Found a flagged portal.
  7608 | Bailey   | Entered a bailey
  7878 | Bailey   | HP: 2/61 [orc warrior/+0 trident (10)]
  7880 | Bailey   | Slain by an orc warrior

Illustrated notes

Levels and vault maps discovered:
D:1:      minmay_arrival_diagonal_passages, layout_rooms
D:2:      layout_basic, makhleb_blood_cavern_becter,
          amethyst_overflow_temple_binary, nicolae_dithmenos_shadow_blocks
D:3:      layout_rooms, nicolae_overflow_hidden_temple,
          overflow_temple_1_default, uniq_sigmund
D:4:      layout_loops_ring, tso_oasis_becter, lemuel_temple_firewalk_b,
          uniq_pikel, uniq_eustachio, uniq_robin
D:5:      layout_basic, lemuel_coloured_pillars_altar
D:6:      layout_gridville, serial_shops, shop, uniq_edmund
D:7:      layout_loops_ring, grunt_livestock
D:8:      layout_basic, gammafunk_ghost_wrathful_warriors, enter_bailey_3,
          serial_park_tiny_1, uniq_joseph
Temple:   regret_index_temple_generic_petals
Bailey:   bailey_polearm_5, bailey

Skill      XL: |  1  2  3  4  5  6  7  8  9 10 |
---------------+-------------------------------+-----
Maces & Flails | 3 4 5 6 7 10 11 12 | 12.1
Fighting       | 6 |  6.6
Armour         | 4 5 |  5.1
Shields        | 4 5 |  5.2

Action                   |  1- 3 |  4- 6 |  7- 9 | 10-12 || total
-------------------------+-------+-------+-------+-------++-------
Melee: Flail             |   112 |   212 |   129 |    85 ||   538
       Whip              |       |       |   528 |       ||   528
Evoke: Wand              |       |     4 |       |       ||     4
  Use: Scroll            |       |       |    14 |     2 ||    16
       Potion            |       |       |     4 |       ||     4
Armor: Scale mail        |    51 |   166 |   281 |    70 ||   568
Dodge: Dodged            |    34 |    96 |   150 |    65 ||   345
Block: Kite shield       |    64 |   156 |   283 |   105 ||   608
